cohdb
Replays
Latest Replays
All Replays
Popular Replays
Top Player Replays
Match Explorer
How It Works
Community
CoH3 Stats
Reddit
Sign in to upload your games and track your stats! →
Sign in with Steam
Match 47300678
Unlisted
Match 47300678
Overview
Messages
Build Orders
End
Vickers Machine Gun Team
Construct Section Command Post
Selects Air and Sea Battlegroup
Vickers Machine Gun Team
Infantry Section
Selects Supply Surplus
Construct Field Infirmary
Construct Platoon Command Post
6-pounder Anti-tank Gun Team
Grenade Package
Construct Company Command Post
Selects Commando Section Paradrop
Selects M1 Pack Howitzer Paradrop
Crusader II Medium Tank
BANTENG RAIDER
Cock Sucker 5000
Paimin87
VlaDiVerSky
Honey
khj
Zebra
스팀계정족같네
0
0
Comments
sign in to comment!
No comments posted yet!